 Dungeon Crawl Stone Soup version 0.21.1-1-g345015fe64 (webtiles) character file.

28 Enroth the Ducker (level 2, -8/14 HPs)
             Began as a Felid Berserker on Mar 25, 2018.
             Was a Follower of Trog.
             Mangled by a worm (13 damage)
             ... on level 2 of the Dungeon.
             The game lasted 00:04:16 (1028 turns).

Enroth the Ducker (Felid Berserker)                 Turns: 1028, Time: 00:04:16

Health: -8/14      AC:  1    Str: 13    XL:     2   Next: 96%
Magic:  3/3        EV: 19    Int:  8    God:    Trog [*.....]
Gold:   46         SH:  0    Dex: 15    Spells: 1/1 levels left
                                        Lives:  0   Deaths: 0

rFire    . . .     SeeInvis +     - Unarmed
rCold    . . .     Gourm    .   (shield unavailable)
rNeg     . . .     Faith    .   (armour unavailable)
rPois    .         Spirit   .   (helmet unavailable)
rElec    .         Reflect  .   (cloak unavailable)
rCorr    .         Harm     +   (gloves unavailable)
MR       .....                  (boots unavailable)
Stlth    ++........             h - amulet of harm
HPRegen  0.04/turn              (no ring)
MPRegen  0.08/turn              (no ring)

@: quick
A: very small, no armour, no weapons or thrown items, stealth, claws 1, fangs 3,
see invisible, carnivore, speed 1, shaggy fur 1, slow metabolism 1, sharp paws
a: Berserk, Burn Spellbooks, Renounce Religion


You were on level 2 of the Dungeon.
You worshipped Trog.
Trog was aware of your devotion.
You were completely stuffed.

You visited 1 branch of the dungeon, and saw 2 of its levels.

You collected 46 gold pieces.

Inventory:

Jewellery
 h - an amulet of harm (around neck)
Scrolls
 f - 3 scrolls of identify {unknown}
 g - a scroll of magic mapping {unknown}
 i - a scroll of fear {unknown}
 j - a scroll of enchant weapon {unknown}
Potions
 b - a potion of curing
 c - 2 potions of agility {unknown}
 d - 2 potions of resistance {unknown}
 e - a potion of flight {unknown}
 l - a potion of brilliance {unknown}
 m - 2 potions of berserk rage {unknown}
Comestibles
 a - 2 rations


   Skills:
 + Level 3.3 Fighting
 + Level 4.3 Dodging
 + Level 0.5 Stealth
 * Level 3.5 Unarmed Combat


You had one spell level left.
You didn't know any spells.

Dungeon Overview and Level Annotations

Branches:
Dungeon (2/15)

Altars:


Innate Abilities, Weirdness & Mutations

You cannot wear armour.
You are incapable of wielding weapons or throwing items.
Your paws allow you to move quietly. (Stealth)
You have sharp claws.
You have razor-sharp teeth.
You have supernaturally acute eyesight. (SInv)
You are carnivorous and can eat meat at any time.
You cover ground quickly.
You are covered in fur. (AC +1)
You have a slow metabolism.
Your sharp claws are effective at attacking unaware monsters.


Message History

A hobgoblin comes into view.
You claw the worm!
The worm is heavily wounded.
The worm completely misses you.
You scratch the worm.
The worm is heavily wounded.
The worm misses you.
You scratch the worm.
The worm is severely wounded.
You scratch the worm but do no damage.
The worm is severely wounded.
The worm bites you!
Ouch! That really hurt!
You scratch the worm.
The worm is almost dead.
You barely miss the worm.
The worm is almost dead.
The worm bites you!
Ouch! That really hurt!
You die...

#.#..........
########.#...#####.##
#......#.#...........
#......#.#....###..#.
.#........#.#..####.#
.....%....#.#.......# #
........$.#.#...##..#.#
......w.#g..#.......#.#.
.......@#######..#....#.
.....###.....###.#......
..... #.###.# #.......#
.... #.# ##).....+ #+#
#.# ###......# #.#
#......... ######.#
#.#....... #......#
#.#....... #.######
#.##......


You could see a worm.

Vanquished Creatures
  A leopard gecko (D:1)
  2 giant cockroaches (D:1)
  5 goblins
  3 hobgoblins (D:1)
  5 jackals (D:1)
  A kobold (D:1)
  A quokka (D:2)
  2 bats
  A frilled lizard (D:1)
  A rat (D:1)
22 creatures vanquished.

Notes
Turn   | Place    | Note
-------+----------+-------------------------------------------
     0 | D:1      | Enroth the Felid Berserker began the quest for the Orb.
     0 | D:1      | Reached XP level 1. HP: 10/10 MP: 2/2
   161 | D:1      | Reached XP level 2. HP: 9/14 MP: 3/3
  1028 | D:2      | Mangled by a worm

Action                   || total
-------------------------++-------
Melee: Unarmed           ||    61
       Bite              ||     2
Invok: Berserk           ||     1
  Use: Potion            ||     1
 Stab: Sleeping          ||     5
  Eat: Chunk             ||     8
Armor: Skin              ||     2
Dodge: Dodged            ||    58
